Map: Frozen Temple

Players

KrasaucheGG - Winner!

  • Race: Terran Terran
  • League: Master

NonExpert

  • Race: Terran Terran
  • League: Master

VOD

Have the link to the VOD?

Description

Time

  • Played on: June 23, 2016, 11:12 p.m.
  • Length: 17:27
Show
View Real Time Build Order
Export as new Build Order

KrasaucheGG Terran - Winner!

Build Orders: MMM Bio 

Get SALT Encoding   

  12  0:00  SCV  
  13  0:12  SCV  
  14  0:18  Supply Depot  
  14  0:24  SCV  
  15  0:40  SCV  
  15  0:41  Barracks  
  16  0:44  Refinery  
  16  0:52  SCV  
  17  1:04  SCV  
  18  1:16  SCV  
  19  1:29  Orbital Command  
  20  1:37  Barracks Reactor  
  19  1:47  Command Center  
  19  1:55  SCV  
  19  1:58  Supply Depot  
  20  2:02  Refinery  
  20  2:07  SCV  
  23  2:20  SCV  
  24  2:32  Marine x2  
  24  2:35  Factory  
  24  2:39  SCV  
  25  2:45  Barracks  
  25  2:49  Marine  
  25  2:50  Marine  
  27  2:51  SCV  
  28  2:59  Orbital Command  
  28  3:06  SCV  
  28  3:08  Marine x2  
  31  3:18  Factory Tech Lab  
  31  3:20  SCV, Starport  
  33  3:32  SCV  
  33  3:35  Marine  
  33  3:40  Barracks Tech Lab  
  33  3:41  Bunker  
  38  3:45  SCV  
  38  3:46  Siege Tank  
  38  3:57  SCV  
  39  4:05  Viking x2  
  39  4:07  Orbital Command  
  39  4:11  Supply Depot  
  39  4:12  Supply Depot  
  39  4:23  Supply Depot  
  39  4:25  Supply Depot  
  39  4:33  Marine x2  
  36  4:48  Siege Tank  
  36  4:51  Marine x2  
  38  5:07  Viking  
  38  5:09  Marine  
  41  5:19  Supply Depot  
  41  5:21  Siege Tank  
  44  5:26  Marine  
  45  5:30  Marine  
  45  5:33  Stimpack  
  46  5:36  SCV  
  46  5:37  Viking  
  49  5:44  Marine  
  49  5:47  Marine  
  49  5:48  SCV  
  52  5:51  SCV  
  52  5:53  Siege Tank  
  56  6:02  Marine  
  55  6:05  Marine  
  50  6:20  Marine  
  50  6:23  Marine  
  50  6:24  Medivac  
  53  6:29  Siege Tank  
  56  6:33  Command Center  
  56  6:34  Barracks  
  56  6:39  Marine  
  57  6:40  SCV  
  57  6:41  SCV, Marine  
  60  6:56  Engineering Bay  
  60  6:57  Marine  
  60  6:59  Medivac, Marine  
  64  7:10  Siege Tank  
  64  7:14  Marine  
  68  7:16  Marine  
  68  7:20  SCV  
  70  7:33  Terran Infantry Weapons Level 1  
  70  7:36  Supply Depot  
  70  7:38  Barracks Reactor  
  70  7:40  Barracks Reactor  
  70  7:44  SCV, Marine  
  70  7:48  Orbital Command  
  72  7:56  Starport Reactor  
  71  8:02  Marine  
  71  8:07  Combat Shields  
  71  8:11  Barracks x2  
  70  8:19  Supply Depot  
  70  8:20  Marine  
  70  8:21  Marine  
  70  8:22  Marine x2  
  74  8:29  Marine  
  74  8:38  Marine  
  71  8:42  Orbital Command  
  71  8:48  Marine  
  68  8:50  Marine x2  
  64  9:00  Marine x2  
  62  9:11  Marine x2  
  62  9:16  Marine  
  65  9:22  SCV  
  65  9:23  SCV  
  65  9:26  Barracks Tech Lab  
  65  9:28  Barracks Tech Lab  
  65  9:34  Medivac  
  67  9:40  Medivac  
  67  9:42  SCV x2  
  67  9:44  Marine  
  72  9:47  SCV  
  73  9:55  Siege Tank  
  73  9:59  Marauder x2, Marine  
  80  10:01  SCV  
  80  10:06  Marine x2  
  83  10:09  Marine  
  84  10:14  Medivac x2  
  84  10:20  Marine x2  
  89  10:22  Terran Infantry Armor Level 1  
  89  10:23  Marine  
  90  10:31  Marauder, Marine  
  93  10:37  Marine x2  
  93  10:39  Marauder  
  93  10:40  SCV x2  
  93  10:41  Marauder  
  98  10:56  SCV  
  98  10:57  SCV  
  100  11:01  Marauder, Marine  
  101  11:08  Marauder, Marine  
  101  11:09  Marauder  
  101  11:15  Marine  
  101  11:16  SCV x2, Marine  
  93  11:18  Marine  
  93  11:23  Marauder  
  96  11:29  Marine x2  
  96  11:30  Marauder  
  96  11:32  SCV x2  
  100  11:39  Marine x2  
  99  11:41  Marine  
  99  11:44  Orbital Command, SCV x2, Marauder  
  99  11:48  Marauder  
  99  11:49  Refinery  
  99  11:54  Marauder  
  101  12:30  Supply Depot  
  101  12:35  Supply Depot  
  101  12:42  Supply Depot  
  101  12:51  Medivac x2, Marine x2  
  101  12:52  SCV x2  
  101  12:56  Marine  
  101  12:57  SCV, Marauder x3  
  117  13:04  SCV x2, Marine  
  120  13:09  SCV, Marine x2  
  123  13:14  Marine  
  123  13:15  Armory  
  123  13:16  Command Center, SCV  
  123  13:19  Engineering Bay  
  125  13:32  Concussive Shells  
  125  14:07  Supply Depot  
  125  14:09  Terran Infantry Weapons Level 2  
  125  14:11  Supply Depot  
  125  14:13  Terran Infantry Armor Level 2  
  125  14:17  Refinery  
  125  14:24  Supply Depot  
  125  14:26  Supply Depot  
  125  14:27  Command Center, SCV x3, Marine x4  
  125  14:28  Marauder x3  
  138  14:31  Orbital Command  
  138  14:33  Barracks  
  138  14:36  Barracks  
  135  14:45  Marine x4  
  138  14:48  Marine  
  138  14:49  Marauder x2  
  137  15:03  Marine  
  137  15:06  Marine x3  
  122  15:07  Marauder  
  122  15:10  Marauder x2  
  118  15:20  Marine  
  118  15:21  SCV x2  
  118  15:24  Marine x3  
  106  15:28  Marauder  
  106  15:30  SCV x2  
  106  15:32  Marauder x2  
  112  15:38  Marine  
  112  15:42  Marine x3, Siege Tank  
  120  15:50  Orbital Command, Marauder  
  120  15:53  Marauder, Marine  
  120  15:56  Marine  
  122  15:59  Barracks x2  
  122  16:00  Marine  
  122  16:03  Medivac  
  112  16:11  Marauder x2  
  116  16:13  Refinery x2  
  116  16:14  Barracks Tech Lab x2, Siege Tank, Marauder  
  119  16:18  Marine  
  119  16:20  SCV x2  
  122  16:30  Marine  
  122  16:31  Marine  
  122  16:32  Marauder x2  
  128  16:36  Marauder  
  130  16:43  Marine x2  
  130  16:44  Marauder  
  134  16:49  Marauder, Marine  
  134  16:54  Marauder x2, Marine  
  127  16:57  Marauder, Marine x2  
  127  17:01  Marine  
  119  17:02  Marine  
  119  17:05  Marauder  
  119  17:07  Marine  
Show
View Real Time Build Order
Export as new Build Order

NonExpert Terran 

Build Orders: 1/1/1, Mech 

Get SALT Encoding   

  12  0:01  SCV  
  13  0:13  SCV  
  14  0:20  Supply Depot  
  14  0:25  SCV  
  15  0:41  SCV  
  16  0:43  Barracks  
  16  0:47  Refinery  
  16  0:51  Refinery  
  16  0:53  SCV  
  17  1:05  SCV  
  18  1:17  SCV  
  19  1:30  Orbital Command  
  19  1:31  Barracks Reactor  
  19  1:32  Supply Depot  
  19  1:43  Factory  
  19  1:55  Supply Depot, SCV  
  20  2:07  SCV, Marine x2  
  23  2:24  Marine  
  23  2:25  Marine  
  23  2:27  Factory Tech Lab  
  23  2:28  Starport  
  25  2:42  Marine x2  
  27  2:46  Siege Tank  
  27  2:50  Supply Depot, SCV  
  31  3:00  Marine x2  
  31  3:04  Medivac  
  35  3:13  SCV  
  35  3:18  Marine x2, Siege Tank  
  41  3:31  Supply Depot  
  41  3:35  Viking  
  41  3:36  Marine  
  44  3:49  Marine  
  44  3:53  Marine, Siege Tank  
  49  4:16  Supply Depot  
  49  4:25  Siege Tank  
  49  4:27  Viking  
  49  4:28  Marine x2  
  51  4:46  Marine x2  
  48  4:57  Siege Tank  
  51  5:06  Command Center  
  51  5:22  SCV  
  49  5:29  Siege Tank  
  49  5:35  SCV  
  53  5:39  Marine  
  54  5:47  SCV  
  55  5:52  Refinery  
  55  5:54  Refinery  
  55  5:57  Marine  
  55  5:59  SCV  
  57  6:07  Siege Tank  
  57  6:11  SCV  
  57  6:22  Orbital Command  
  57  6:23  SCV  
  56  6:35  SCV  
  57  6:45  Factory  
  57  6:46  Barracks Tech Lab  
  57  6:47  SCV  
  57  6:48  Factory  
  57  6:49  SCV  
  59  6:59  SCV  
  61  7:01  SCV  
  61  7:05  Siege Tank  
  64  7:11  SCV  
  64  7:13  SCV  
  60  7:19  Starport Reactor  
  60  7:23  SCV  
  60  7:25  SCV  
  62  7:36  SCV  
  60  7:37  Siege Tank  
  60  7:39  SCV  
  60  7:44  Infernal Pre-Igniter  
  64  7:47  Hellion  
  64  7:48  Hellion  
  69  7:56  Viking x2  
  73  8:03  Supply Depot  
  73  8:05  Supply Depot  
  72  8:08  SCV  
  73  8:17  SCV  
  74  8:20  SCV  
  74  8:25  Viking  
  76  8:33  Siege Tank x2  
  76  8:34  Hellion  
  81  8:37  Viking  
  81  8:45  Hellion  
  79  9:04  Hellion  
  79  9:05  Siege Tank x2  
  83  9:20  Command Center  
  83  9:21  Starport Reactor  
  83  9:36  Barracks  
  83  9:37  Siege Tank x2  
  89  9:48  Hellion  
  89  9:49  Hellion  
  91  10:03  Engineering Bay, Viking  
  91  10:08  Viking  
  91  10:13  Supply Depot  
  93  10:14  Supply Depot  
  93  10:31  Factory x2  
  93  10:32  Siege Tank x2  
  99  10:48  Missile Turret  
  93  10:51  Missile Turret x2  
  93  10:52  Missile Turret  
  93  10:57  SCV x2, Refinery  
  93  10:59  Refinery  
  90  11:04  Siege Tank x2  
  90  11:09  SCV  
  90  11:35  Planetary Fortress  
  90  11:36  Siege Tank x2  
  92  11:42  SCV x2  
  91  11:53  Missile Turret  
  90  11:54  SCV x2  
  90  12:00  Missile Turret, Viking  
  94  12:01  Factory Tech Lab  
  94  12:02  Factory Tech Lab  
  94  12:06  SCV x2  
  96  12:08  Siege Tank x2  
  96  12:13  Armory  
  102  12:16  SCV  
  102  12:17  Armory  
  102  12:18  SCV x2  
  105  12:29  Hellion x3  
  111  12:31  Missile Turret  
  111  12:48  SCV  
  112  12:53  Hellion x3  
  118  13:00  Command Center, SCV  
  118  13:04  Missile Turret  
  118  13:05  Terran Vehicle Weapons Level 1  
  119  13:06  Terran Vehicle And Ship Armor Level 1  
  119  13:09  Missile Turret  
  119  13:10  Hellion  
  121  13:14  Siege Tank  
  124  13:23  Missile Turret  
  124  13:25  Missile Turret  
  124  13:28  Missile Turret  
  124  13:30  Siege Tank  
  121  13:41  Viking x2  
  125  13:54  Supply Depot  
  125  13:57  Supply Depot  
  125  13:58  Supply Depot  
  125  14:00  Supply Depot  
  117  14:06  Sensor Tower  
  117  14:10  Hellion, Siege Tank  
  117  14:11  Viking  
  124  14:30  Sensor Tower  
  124  14:43  Siege Tank x4  
  135  14:48  Refinery x2  
  135  14:49  Missile Turret  
  79  15:15  Siege Tank x3  
  87  15:26  Supply Depot  
  87  15:27  Supply Depot  
  87  15:28  Supply Depot  
  87  15:30  Supply Depot  
  81  15:45  Orbital Command  
  80  15:53  Engineering Bay  
  80  16:02  Viking x2  
  80  16:32  Viking x2  
  74  16:37  Siege Tank x2  
  74  16:38  Hellion  
  82  16:51  Siege Tank  
  73  16:59  Hellion  
Tags
 
Composition
MMM BioMech
Matchup
TvT
Opening
1/1/1
Race
Terran
Add a new tag
Caveats
  • Supply blocks, unpowered buildings, or Contaminate may cause inaccurate times.
  • Supply counts are checked every 10 seconds.